 Dungeon Crawl Stone Soup version 0.30-a0-622-gddc90eaa04 (webtiles) character file.

Game seed: 5972146579288027252

132 wormed the Shield-Bearer (level 5, -5/28 HPs)
             Began as a Vine Stalker Fighter on Jan 10, 2023.
             Slain by a gnoll
             ... wielding a +0 halberd
              (11 damage)
             ... on level 3 of the Dungeon.
             The game lasted 00:03:10 (1187 turns).

wormed the Shield-Bearer (Vine Stalker Fighter)     Turns: 1187, Time: 00:03:10

Health: -5/28      AC:  7    Str: 21    XL:     5   Next: 15%
Magic:  0/6        EV: 10    Int:  8    God:
Gold:   112        SH:  5    Dex: 19    Spells: 4/4 levels left

rFire   + . .      SeeInvis .    t - +7 Throatcutter {drain, coup de grace}
rCold   . . .      Faith    .    c - +0 buckler
rNeg    . . .      Spirit   +    b - +0 scale mail
rPois   .          Reflect  .    k - +0 helmet
rElec   .          Harm     .    (no cloak)
rCorr   .          Rampage  .    (no gloves)
Will    .....                    (no boots) Stlth
                                 (no amulet)
HPRegen 1.04/turn                e - +6 ring of dexterity
MPRegen 0.10/turn                i - ring of protection from fire

@: no status effects
A: fangs 2, regeneration 1, magic shield, antimagic bite, no potion heal 2
a: no special abilities


You were on level 3 of the Dungeon.
You visited 1 branch of the dungeon, and saw 3 of its levels.

You collected 112 gold pieces.

Inventory:

Hand Weapons
 a - a +0 trident
 t - the +7 Throatcutter (weapon) {drain, coup de grace}
   (You took it off Terence on level 2 of the Dungeon)

   It may instantly kill foes which have little health.
Missiles
 l - 3 poisoned darts (quivered)
Armour
 b - a +0 scale mail (worn)
 c - a +0 buckler (worn)
 k - a +0 helmet (worn)
Jewellery
 e - a +6 ring of dexterity (left hand)
 i - a ring of protection from fire (right hand)
 m - a +4 ring of slaying
Scrolls
 h - a scroll of butterflies {unknown}
 n - 2 scrolls of blinking {unknown}
 p - a scroll of enchant armour {unknown}
 q - a scroll of identify {unknown}
Potions
 d - a potion of might
 f - 2 potions of invisibility {unknown}
 g - a potion of attraction {unknown}
 j - a potion of ambrosia {unknown}
 o - a potion of berserk rage {unknown}
 r - a potion of haste {unknown}
 s - a potion of heal wounds {unknown}


   Skills:
 + Level 3.2 Fighting
 * Level 0.5 Long Blades
 - Level 2.9 Polearms
 + Level 2.8 Armour
 + Level 1.3 Dodging
 + Level 3.2 Shields


You had 4 spell levels left.
You didn't know any spells.
Your spell library contained the following spells:

 Spells                   Type           Power      Damage    Failure   Level
 Foxfire                  Conj/Fire      0%         2x1d4     85%         1
 Magic Dart               Conj           0%         1d3       85%         1
 Searing Ray              Conj           0%         2d4       94%         2
 Ignite Poison            Fire/Tmut/Pois 0%         N/A       99%         3
 Kindle Blastsparks       Fire/Tloc/Air  0%         2d10      99%         3
 Vhi's Electric Charge    Tloc/Air       0%         N/A       99%         3
 Fulminant Prism          Conj/Hex       0%         3d5       100%        4
 Arcjolt                  Conj/Air       0%         1d10      100%        5
 Fireball                 Conj/Fire      0%         3d3       100%        5
 Freezing Cloud           Conj/Ice/Air   0%         6-21      100%        5
 Starburst                Conj/Fire      0%         6d3       100%        6
 Maxwell's Capacitive Co  Air            0%         ∞         100%        8


Dungeon Overview and Level Annotations

Branches:
Dungeon (3/15)

Altars:

Shops:
D:2 [


Innate Abilities, Weirdness & Mutations

You have extremely sharp teeth.
Your natural rate of healing is unusually fast.
When hurt, damage is shared between your health and your magic reserves.
Your bite disrupts and absorbs the magic of your enemies.
Potions cannot restore your health.


Message History

A gnoll comes into view. It is wielding a +0 whip.
A gnoll comes into view. It is wielding a +0 flail.
The gnoll shouts!
You hear a shout! x2
You hit the hobgoblin. You drain the hobgoblin.
You behead the hobgoblin!
You kill the hobgoblin!
The gnoll barely misses you.
You slash the gnoll! Your bite misses the gnoll.
The gnoll is almost dead.
A kobold comes into view. It is wielding a +0 dagger.
A gnoll comes into view. It is wielding a +0 spear.
The gnoll hits you but does no damage. The gnoll closely misses you.
The gnoll hits you with a +0 whip. The gnoll closely misses you.
The gnoll hits you with a +0 flail.
You slash the gnoll!
You kill the gnoll!
The gnoll hits you from afar with a +0 halberd!
You block the gnoll's attack.
You have reached level 5!
You hit the gnoll. You bite the gnoll. You drain its power.
You feel invigorated.
The gnoll is heavily wounded.
The gnoll hits you with a +0 whip. The gnoll closely misses you.
The gnoll barely misses you. The gnoll closely misses you.
The gnoll hits you with a +0 flail.
A gnoll comes into view. It is wielding a +0 halberd.
The gnoll hits you from afar with a +0 halberd.
* * * LOW HITPOINT WARNING * * *
The gnoll shouts!
You slash the gnoll!
You kill the gnoll!
The gnoll barely misses you. The gnoll hits you with a +0 whip.
* * * LOW HITPOINT WARNING * * *
You closely miss the gnoll. Your bite misses the gnoll.
The gnoll hits you with a +0 whip.
* * * LOW HITPOINT WARNING * * *
You block the gnoll's attack.
A gnoll comes into view. It is wielding a +0 halberd.
The gnoll closely misses you.
The gnoll hits you from afar with a +0 halberd!
You die...

#.#.## .....
#...# #...# #
#...#
###.####...#####
.......<..)....#
#.....##K).###.#
......)@)g..g...
#...gg##g#####..
##... #.# ##.
... # g...
.....# ..^..#
..##


You could see 5 gnolls and a kobold.

Vanquished Creatures
  Terence (D:2)
  Natasha (D:2)
  2 gnolls (D:3)
  An adder (D:2)
  A worm (D:2)
  3 dart slugs
  5 ball pythons
  2 bats
  6 endoplasms
  A giant cockroach (D:1)
  4 goblins
  2 hobgoblins
  6 jackals (D:2)
  3 kobolds
  2 quokkas
  A frilled lizard (D:1)
  3 rats
44 creatures vanquished.

Notes
Turn   | Place    | Note
-------+----------+-------------------------------------------
     0 | D:1      | wormed the Vine Stalker Fighter began the quest for the
                  | Orb.
     0 | D:1      | Reached XP level 1. HP: 11/11 MP: 2/2
   101 | D:1      | Reached XP level 2. HP: 12/16 MP: 3/3
   474 | D:2      | Reached XP level 3. HP: 19/19 MP: 4/4
   757 | D:2      | Found Axuen's Armour Shoppe.
   788 | D:2      | Reached skill level 1 in Dodging
   894 | D:2      | Gained mutation: Your natural rate of healing is unusually
                  | fast. [Vine Stalker growth]
   894 | D:2      | Reached XP level 4. HP: 24/24 MP: 5/5
   913 | D:2      | Noticed Terence
   913 | D:2      | Noticed Natasha
   918 | D:2      | Killed Terence
   921 | D:2      | Killed Natasha
  1185 | D:3      | Reached XP level 5. HP: 18/28 MP: 3/6
  1187 | D:3      | Slain by a gnoll

Illustrated notes

Levels and vault maps discovered:
D:1:      heliophobic_arrival_enchanted_forest, layout_rooms, nrook_mini_vaults
D:2:      layout_loops_cross, serial_shops,
          nicolae_shop_competitors_out_of_business, chequers_hall_statues_y,
          uniq_terence, uniq_natasha
D:3:      layout_loops_ring, nicolae_ecumenical_oubliette, serial_shops, shop,
          uniq_grinder, uniq_sigmund

Skill      XL: |  1  2  3 |
---------------+----------+-----
Polearms       | 2 |  2.9
Shields        | 3 |  3.2
Fighting       | 3 |  3.2
Dodging        | 1 |  1.3
Long Blades    | |  0.5
Armour         | |  2.8

Action                   |  1- 3 |  4- 6 || total
-------------------------+-------+-------++-------
Melee: Trident           |    78 |     9 ||    87
       Bite              |    13 |     5 ||    18
       Long sword        |       |     8 ||     8
  Use: Scroll            |     1 |       ||     1
Armor: Scale mail        |    18 |     2 ||    20
Dodge: Dodged            |    23 |    13 ||    36
Block: Buckler           |    13 |     2 ||    15

Table legend: (Time is in decaauts)
 A = Elapsed time spent in this place.
 B = Non-inter-level travel time spent in this place.
 C = Inter-level travel time spent in this place.
 D = Time resting spent in this place.
 E = Time spent auto-exploring this place.
 F = Levels seen in this place.
 G = Mean time per level.
                   A        B        C        D        E       F      G
               +--------+--------+--------+--------+--------+-----+--------+
         Total |   1208 |   1152 |     56 |      0 |    918 |   3 |  402.7 |
       Dungeon |   1208 |   1152 |     56 |      0 |    918 |   3 |  402.7 |
               +--------+--------+--------+--------+--------+-----+--------+

Top non-repeatable levels by time:
     D:2: 726 daAuts
     D:1: 468 daAuts
     D:3: 13 daAuts
